 Dungeon Crawl Stone Soup version 0.31-a0-358-gac0dbeb3ab (webtiles) character file.

Game seed: 9917838872491361358

1062 Locuples the Cleaver (level 8, -11/67 (70) HPs)
             Began as a Minotaur Monk on July 25, 2023.
             Was a Believer of Dithmenos.
             Mangled by an ogre
             ... wielding a +0 giant club
              (21 damage)
             ... on level 5 of the Dungeon.
             The game lasted 00:09:57 (3842 turns).

Locuples the Cleaver (Minotaur Monk)                Turns: 3842, Time: 00:09:58

HP:   -11/67 (70)   AC:  9    Str: 19    XL:     8   Next: 6%
MP:   3/7           EV: 12    Int:  7    God:    Dithmenos [**....]
Gold: 288           SH:  0    Dex: 12    Spells: 7/7 levels left

rFire   . . .        t - +2 hand axe (freeze)
rCold   + . .        (no shield)
rNeg    . . .        a - +0 ring mail {rC+}
rPois   .            (helmet restricted)
rElec   .            k - scarf {+Inv}
rCorr   .            s - +0 pair of gloves
SInv    .            o - +0 pair of boots
Will    .....        (no amulet)
Stlth   +            (no ring)
HPRegen 0.31/turn    (no ring)
MPRegen 0.10/turn

%: no passive effects
@: wreathed by umbra, lightly drained
A: horns 2, retaliatory headbutt
a: Renounce Religion, Evoke Invisibility, Shadow Step


You were on level 5 of the Dungeon.
You worshipped Dithmenos.
Dithmenos was pleased with you.
You visited 2 branches of the dungeon, and saw 6 of its levels.

You collected 288 gold pieces.

Inventory:

Hand Weapons
 t - a +2 hand axe of freezing (weapon)
Missiles
 l - a throwing net
Armour
 a - a +0 ring mail of cold resistance (worn)
 k - a scarf of invisibility (worn)
 m - a +0 cloak
 o - a +0 pair of boots (worn)
 s - a +0 pair of gloves (worn)
Wands
 n - a wand of charming (11)
 u - a wand of flame (21)
 x - a wand of polymorph (6)
Scrolls
 b - 2 scrolls of vulnerability {unknown}
 d - a scroll of identify {unknown}
 e - a scroll of revelation {unknown}
 h - 3 scrolls of teleportation {unknown}
 p - a scroll of silence {unknown}
 q - a scroll of immolation {unknown}
 r - a scroll of poison {unknown}
 w - a scroll of fog {unknown}
Potions
 c - a potion of ambrosia
 f - 2 potions of attraction {unknown}
 g - a potion of degeneration {unknown}
 i - 2 potions of magic {unknown}
 j - a potion of curing {unknown}
 v - a potion of haste {unknown}


   Skills:
 + Level 5.7 Fighting
 + Level 8.4 Axes
 + Level 6.3 Armour
 + Level 4.0 Dodging
 + Level 0.1 Stealth


You had 7 spell levels left.
You didn't know any spells.
Your spell library contained the following spells:

 Spells                   Type           Power      Damage    Failure   Level
 Slow                     Hex            0%         N/A       58%         1
 Cigotuvi's Dreadful Rot  Necr/Pois/Air  0%         N/A       75%         2
 Confusing Touch          Hex            0%         N/A       92%         3
 Ignite Poison            Fire/Tmut/Pois 0%         N/A       92%         3
 Vampiric Draining        Necr           0%         2d6       92%         3
 Dispel Undead            Necr           0%         3d6       100%        4
 Sticky Flame             Conj/Fire      0%         2d3       100%        4
 Death Channel            Necr           0%         N/A       100%        6
 Ignition                 Fire           0%         3d3       100%        8


Dungeon Overview and Level Annotations

Branches:
Dungeon (5/15)             Temple (1/1) D:4

Altars:
Ashenzari
Cheibriados
Dithmenos
Elyvilon
Fedhas
Gozag
Hepliaklqana
Kikubaaqudgha
Makhleb
Nemelex Xobeh
Qazlal
Ru
Trog
Uskayaw
Vehumet
Wu Jian
Xom
The Shining One

Annotations:
D:5 Edmund


Innate Abilities, Weirdness & Mutations

You have a pair of horns on your head.
You reflexively headbutt those who attack you in melee.


Message History

Edmund and an ogre come into view.
Edmund is wielding a +1 flail of draining.
Found an escape hatch in the ceiling.
Edmund shouts!
The ogre shouts!
A white imp comes into view.
The white imp shouts!
The ogre hits you with a +0 giant club!
You hit the ogre. You freeze the ogre. Your headbutt misses the ogre.
The ogre is lightly wounded.
The ogre misses you. You furiously retaliate!
You headbutt the ogre. You hit the ogre but do no damage.
The ogre is lightly wounded.
You hit Edmund but do no damage. Edmund barely misses you.
You hit the ogre. You freeze the ogre.
The ogre is moderately wounded.
You completely miss Edmund.
Edmund hits you with a +1 flail of draining.
You feel drained.
The ogre hits you with a +0 giant club!!
Aiming: Shadow Step
Press: ? - help, Dir - move target, f - white imp
Aim: a white imp (umbra)
You fail to use your ability.
Edmund hits you with a +1 flail of draining!
* * * LOW HITPOINT WARNING * * *
You feel drained.
* * * LOW HITPOINT WARNING * * *
Aiming: Shadow Step
Press: ? - help, Dir - move target, f/p - white imp
Aim: a white imp (umbra)
You step into the white imp's shadow.
The ogre closely misses you. The white imp gestures at you.
The puff of frost hits you. You resist.
* * * LOW HITPOINT WARNING * * *
Found a flail.
Found a stone staircase leading up.
You slash the ogre! You freeze the ogre.
The ogre is severely wounded.
You hit the white imp.
The ogre hits you with a +0 giant club!!
You die...

...# ...# ..<.. ...#
####...). ...# .........
...# #######........
...# .............. ...#
....<.......
...#..............#
...#............@.#
...#............O5#
...#[.........##@.###...
...#........[...........
...#......#####...#.##.#
.#.#........>...#.#..#
####.......######..#.#
.# #.......# #.#.#
####.##....# .#


You could see Edmund, an ogre and a white imp.

Vanquished Creatures
  A water moccasin (D:5)
  An ice beast (D:4)
  3 ogres (D:5)
  4 scorpions
  A jelly (D:5)
  2 hounds
  2 orc priests
  An iguana (D:5)
  A sleepcap (D:4)
  Ijyb (D:5)
  5 adders
  A shadow imp (D:4)
  A worm (D:2)
  4 dart slugs
  5 orcs
  8 bats
  6 endoplasms
  3 giant cockroaches
  8 goblins
  4 hobgoblins
  5 jackals
  7 kobolds
  2 quokkas
  8 ball pythons
  9 frilled lizards
  4 rats
97 creatures vanquished.

Notes
Turn   | Place    | Note
-------+----------+-------------------------------------------
     0 | D:1      | Locuples the Minotaur Monk began the quest for the Orb.
     0 | D:1      | Reached XP level 1. HP: 19/19 MP: 0/0
   128 | D:1      | Reached skill level 4 in Axes
   174 | D:1      | Reached XP level 2. HP: 27/27 MP: 1/1
   902 | D:2      | Reached XP level 3. HP: 34/34 MP: 2/2
  1361 | D:3      | Found a hazy altar of Hepliaklqana.
  1401 | D:3      | Reached skill level 1 in Armour
  1510 | D:3      | Reached skill level 5 in Axes
  1510 | D:3      | Reached XP level 4. HP: 34/41 MP: 3/3
  2212 | D:4      | Reached XP level 5. HP: 33/47 MP: 4/4
  2314 | D:4      | Noticed an ice beast
  2319 | D:4      | Killed an ice beast
  2320 | D:4      | Reached skill level 5 in Fighting
  2320 | D:4      | Reached skill level 6 in Axes
  2536 | D:4      | Reached XP level 6. HP: 25/56 MP: 5/5
  2682 | D:4      | Found a sacrificial altar of Ru.
  2724 | D:4      | Found a staircase to the Ecumenical Temple.
  2736 | Temple   | Entered the Ecumenical Temple
  2754 | Temple   | Became a worshipper of Dithmenos the Shadowed
  2754 | Temple   | Reached * piety under Dithmenos
  2754 | Temple   | Reached ** piety under Dithmenos
  2938 | D:4      | Found a radiant altar of Vehumet.
  3004 | D:4      | Reached skill level 7 in Axes
  3101 | D:5      | Entered Level 5 of the Dungeon
  3115 | D:5      | Reached XP level 7. HP: 41/61 MP: 6/6
  3121 | D:5      | Noticed Ijyb
  3187 | D:5      | Killed Ijyb
  3188 | D:5      | Reached skill level 5 in Armour
  3245 | D:5      | Found a white marble altar of Elyvilon.
  3435 | D:5      | Reached skill level 8 in Axes
  3457 | D:5      | Reached XP level 8. HP: 15/70 MP: 7/7
  3759 | D:5      | Found a shimmering altar of Xom.
  3776 | D:5      | Found a stormy altar of Qazlal.
  3777 | D:5      | Found a broken altar of Ashenzari.
  3780 | D:5      | Found a snail-covered altar of Cheibriados.
  3782 | D:5      | Found a hide-covered altar of Uskayaw.
  3835 | D:5      | Noticed Edmund
  3842 | D:5      | Mangled by an ogre

Illustrated notes

Levels and vault maps discovered:
D:1:      evilmike_arrival_plus, layout_basic, serial_rivers,
          chequers_serial_rivers_large_a, chequers_serial_rivers_small_3,
          chequers_serial_rivers_small_a, chequers_serial_rivers_micro_a
D:2:      layout_basic, minmay_pentomino_z2
D:3:      layout_basic, nicolae_hepliaklqana_hazy_memory, hex_intersection,
          dk_noncrumbling_3, st_stairs_7
D:4:      kennysheep_spiral_hall, layout_basic, old_standard_altar,
          nicolae_vehumet_radiance, minmay_temple_entry_glassed_door
D:5:      layout_rooms, mainiacjoe_overflow_six_doors_small, elyvilon_altar_1,
          minitemple, wad_rectangle_vault, uniq_ijyb, uniq_edmund
Temple:   grunt_temple_mini_profane

Skill      XL: |  1  2  3  4  5  6  7 |
---------------+----------------------+-----
Fighting       | 4 5 |  5.7
Axes           | 4 5 6 7 8 |  8.4
Armour         | 1 2 3 4 6 |  6.3
Dodging        | 4 |  4.0
Stealth        | |  0.1

Action                     |  1- 3 |  4- 6 |  7- 9 || total
---------------------------+-------+-------+-------++-------
  Melee: Hand axe          |    72 |    83 |    56 ||   211
         Headbutt          |    10 |    18 |    12 ||    40
         Punch             |       |     1 |     2 ||     3
         Unarmed           |       |       |     7 ||     7
 Invoke: Shadow Step       |       |       |     2 ||     2
    Use: Potion            |       |       |     1 ||     1
 Armour: Ring mail         |    13 |    23 |     7 ||    43
         Chain mail        |    24 |    18 |       ||    42
         Skin              |       |       |    14 ||    14
  Dodge: Dodged            |    42 |    36 |    43 ||   121

Table legend: (Time is in decaauts)
 A = Elapsed time spent in this place.
 B = Non-inter-level travel time spent in this place.
 C = Inter-level travel time spent in this place.
 D = Time resting spent in this place.
 E = Time spent auto-exploring this place.
 F = Levels seen in this place.
 G = Mean time per level.
                   A        B        C        D        E       F      G
               +--------+--------+--------+--------+--------+-----+--------+
         Total |   3846 |   3748 |     98 |    467 |   2268 |   6 |  641.0 |
       Dungeon |   3768 |   3670 |     98 |    467 |   2268 |   5 |  753.6 |
        Temple |     77 |     77 |      0 |      0 |      0 |   1 |   77.0 |
               +--------+--------+--------+--------+--------+-----+--------+

Top non-repeatable levels by time:
     D:4: 909 daAuts
     D:3: 753 daAuts
     D:1: 727 daAuts
     D:5: 719 daAuts
     D:2: 658 daAuts
  Temple: 77 daAuts
